 Dungeon Crawl Stone Soup version 0.21.2 (webtiles) character file.

100445 Mesmaeker13 the Nimble (level 16, -8/101 HPs)
             Began as an Octopode Ice Elementalist on Oct 21, 2018.
             Was an Elder of Sif Muna.
             Mangled by the 27-headed Lernaean hydra (12 damage)
             ... on level 4 of the Swamp on Oct 22, 2018.
             The game lasted 02:36:23 (53441 turns).

Mesmaeker13 the Nimble (Octopode Ice Elementalist) Turns: 53441, Time: 02:36:24

Health: -8/101     AC:  4    Str:  5    XL:     16   Next: 27%
Magic:  36/36      EV: 22    Int: 28    God:    Sif Muna [****..]
Gold:   1055       SH:  7    Dex: 14    Spells: 7/30 levels left

rFire    + . .     SeeInvis +   s - +6 hunting sling "Itid" {speed, rPois Str-4 Int+4}
rCold    + . .     Gourm    .   z - +1 buckler
rNeg     . . .     Faith    .   f - +2 hat {Int+3}
rPois    +         Spirit   .   (no amulet)
rElec    .         Reflect  .   F - ring of magical power
rCorr    +         Harm     .   T - ring of protection from cold
MR       ++...                  X - ring of resist corrosion
Stlth    +++.......             W - ring of see invisible
HPRegen  0.26/turn              M - ring of protection from magic
MPRegen  0.25/turn              r - +1 ring of protection
                                v - ring of protection from fire
                                (no ring)

@: no status effects
A: almost no armour, stealthy swim, amphibious, 8 rings, constrict 8, camouflage
1, gelatinous body 1
a: Divine Energy, Channel Magic, Forget Spell, Renounce Religion


You were on level 4 of the Swamp.
You worshipped Sif Muna.
Sif Muna was greatly pleased with you.
You were hungry.

You visited 4 branches of the dungeon, and saw 27 of its levels.

You collected 2946 gold pieces.
You spent 1891 gold pieces at shops.

Inventory:

Hand Weapons
 s - the +6 hunting sling "Itid" (weapon) {speed, rPois Str-4 Int+4}
   (You found it on level 6 of the Lair of Beasts)

   Attacks with this weapon are significantly faster.
   It affects your strength (-4).
   It affects your intelligence (+4).
   It protects you from poison.
 x - the +1 war axe of a Thousand Souls {chop, MR+ MP+9 Int-2}
   (You bought it in a shop on level 5 of the Dungeon)

   It inflicts extra damage upon your enemies.
   It affects your intelligence (-2).
   It affects your resistance to hostile enchantments.
   It affects your magic capacity (+9).
 H - a +0 morningstar of holy wrath
 K - a +1 scimitar of flaming
 P - the +2 fustibalus "Uschup" {velocity, MR+}
   (You found it on level 2 of the Swamp)

   Any stone fired from it inflicts extra damage.
   It affects your resistance to hostile enchantments.
Armour
 f - a +2 hat of intelligence (worn)
 l - a +1 shield of protection
 z - a +1 buckler (worn)
Magical Staves
 d - an uncursed staff of air
Jewellery
 r - a +1 ring of protection (on tentacle)
 t - an uncursed ring of fire
 u - an uncursed amulet of faith
 v - a ring of protection from fire (on tentacle)
 F - a ring of magical power (left tentacle)
 M - a ring of protection from magic (on tentacle)
 Q - an uncursed ring of fire
 T - a ring of protection from cold (right tentacle)
 W - a ring of see invisible (on tentacle)
 X - a ring of resist corrosion (on tentacle)
Wands
 a - a wand of digging (15)
 y - a wand of clouds (6)
Scrolls
 g - a scroll of silence {unknown}
 m - 9 scrolls of remove curse
 o - 3 scrolls of enchant weapon
 q - 6 scrolls of teleportation
 C - a scroll of vulnerability
 E - a scroll of amnesia
 J - a scroll of magic mapping
 L - a scroll of fog
 O - 3 scrolls of fear
 S - a scroll of enchant armour
 U - 2 scrolls of blinking
Potions
 c - 3 potions of agility
 e - 2 potions of might
 h - 3 potions of curing
 i - 4 potions of haste
 j - a potion of flight
 n - 5 potions of brilliance
 p - 3 potions of berserk rage
 w - a potion of invisibility
 B - 2 potions of heal wounds
 D - 2 potions of ambrosia {unknown}
 G - 3 potions of mutation
 I - a potion of magic {unknown}
 R - 2 potions of cancellation {unknown}
 V - 4 potions of resistance
Books
 k - Sif Muna's Tome of Mutagenic Good Luck
   (Sif Muna gifted it to you on level 14 of the Dungeon)

   Spells                             Type                      Level
   a - Infusion                       Charms                       1
   b - Swiftness                      Charms/Air                   2
   c - Ring of Flames                 Charms/Fire                  7
   d - Necromutation                  Transmutation/Necromancy     8
 A - a book of the Earth

   Spells                             Type                      Level
   a - Leda's Liquefaction            Hexes/Earth                  4
   b - Bolt of Magma                  Conjuration/Fire/Earth       5
   c - Statue Form                    Transmutation/Earth          6
   d - Iron Shot                      Conjuration/Earth            6
   e - Shatter                        Earth                        9
 Y - Sif Muna's Volume of Calling
   (Sif Muna gifted it to you on level 3 of the Swamp)

   Spells                             Type                      Level
   a - Summon Butterflies             Summoning                    1
   b - Summon Small Mammal            Summoning                    1
   c - Summon Ice Beast               Ice/Summoning                4
   d - Shadow Creatures               Summoning                    6
   e - Spellforged Servitor           Conjuration/Summoning        7
   f - Summon Greater Demon           Summoning                    7
Miscellaneous
 N - a fan of gales
Comestibles
 b - 16 rations


   Skills:
 - Level 6.6 Fighting
 - Level 13.3 Dodging
 - Level 2.6 Stealth
 + Level 8.5 Shields
 + Level 7.8 Spellcasting
 + Level 10.7 Conjurations
 - Level 8.1 Summonings
 - Level 13.0 Ice Magic
 + Level 10.5 Air Magic
 - Level 6.5 Invocations


You had 7 spell levels left.
You knew the following spells:

 Your Spells              Type           Power        Failure   Level  Hunger
a - Swiftness             Chrm/Air       #####...     1%          2    None
b - Summon Lightning Spi  Summ/Air       ######..     1%          4    ##.....
c - Ozocubu's Armour      Chrm/Ice       #####...     1%          3    None
d - Summon Ice Beast      Ice/Summ       ######..     1%          4    ##.....
e - Throw Icicle          Conj/Ice       ######..     1%          4    ##.....
g - Freezing Cloud        Conj/Ice/Air   ######....   7%          6    ######.


Dungeon Overview and Level Annotations

Branches:
Dungeon (15/15)            Temple (0/1) D:5            Lair (6/6) D:8
  Swamp (4/4) Lair:4       Spider (0/4) Lair:2        Slime (0/5) Lair:5
    Orc (2/2) D:10            Elf (0/3) Orc:2        Vaults (0/5) D:14
 Depths: D:15

Altars:
Ashenzari
Cheibriados
Fedhas
Hepliaklqana
Okawaru
Qazlal
Sif Muna
Trog
Vehumet
Xom
Beogh
Jiyva

Shops:
D:4 *   D:5 *:((*   D:6 ?   D:13 [   D:14 *   Orc:2 :*[(

Annotations:
D:10 TheNamelessOne's ghost, novice DsFE
D:13 exclusions: obsidian statue and orange crystal statue
Lair:3 Rhok's ghost, journeyman TrGl
Lair:4 exclusion: 3 oklob plants
Lair:5 exclusion: upstairs
Swamp:4 1 exclusion, Lernaean hydra


Innate Abilities, Weirdness & Mutations

You cannot wear most types of armour.
You are very stealthy in the water. (Stealth+)
You are amphibious.
You can wear up to eight rings at the same time.
You can use your tentacles to constrict eight enemies at once.
Your skin changes colour to match your surroundings (Stealth+).
Your rubbery body absorbs attacks. (AC +1, EV +1)


Message History

There is a stone staircase leading up here.
Unknown command.
The 27-headed Lernaean hydra bites you.
You block the 27-headed Lernaean hydra's attack.
The 27-headed Lernaean hydra bites you!
The 27-headed Lernaean hydra bites you!!
The 27-headed Lernaean hydra bites you. The 27-headed Lernaean hydra bites you!
The 27-headed Lernaean hydra bites you but does no damage.
The 27-headed Lernaean hydra bites you.
The 27-headed Lernaean hydra misses you.
The 27-headed Lernaean hydra bites you! x2
The 27-headed Lernaean hydra closely misses you.
You block the 27-headed Lernaean hydra's attack.
The 27-headed Lernaean hydra bites you!
* * * LOW HITPOINT WARNING * * *
The 27-headed Lernaean hydra bites you but does no damage.
The 27-headed Lernaean hydra bites you!
* * * LOW HITPOINT WARNING * * *
The 27-headed Lernaean hydra bites you!
You die...

..≈≈≈≈≈≈.≈♣♣ ♣♣♣..≈♣♣♣ ♣.≈≈≈.
♣...≈≈≈≈.♣♣ ♣§§≈≈...♣♣♣♣♣♣.≈≈≈§
♣...≈≈≈≈.♣♣♣♣♣♣.≈≈≈≈≈≈.♣♣§≈♣.≈≈≈≈
≈≈...≈≈≈..≈.♣♣≈≈≈.≈≈≈≈≈♣♣≈≈.≈≈≈≈≈
<...≈≈......≈.♣♣♣≈≈≈.≈≈.♣...≈.♣♣.
♣♣≈≈≈≈.≈≈≈.≈≈≈.♣♣♣♣♣♣≈≈.....≈.♣♣.
≈..≈≈≈.≈≈≈≈≈≈≈≈♣♣♣♣≈...≈.≈≈....♣.
...≈≈≈..≈<.≈≈.♣♣♣≈.≈.≈≈≈≈≈≈≈§≈..≈
≈...≈≈..D.≈.≈♣♣♣@(≈≈.≈≈≈≈≈≈≈≈≈≈..
.≈§≈.≈≈≈...≈♣≈..D≈≈≈..§≈≈≈≈≈≈≈..≈
≈≈≈≈..(.≈.♣♣..≈≈(≈≈≈.≈.≈≈≈.≈≈≈≈..
≈≈≈≈.≈†≈÷≈♣♣.≈≈D≈.≈≈≈§≈....≈≈≈...
≈≈≈≈≈≈≈÷≈.(((≈≈≈(<♣♣♣≈≈≈≈♣.≈≈≈♣≈≈
...D§≈≈≈≈[♣♣≈...≈♣♣≈.≈..≈♣♣≈.^♣♣♣
D≈≈≈...≈≈≈♣♣♣♣♣♣♣♣♣...♣♣♣♣♣♣♣♣♣
....≈≈≈..≈♣♣♣ ♣.≈≈≈.♣♣♣♣
≈.......♣[..♣ ♣.≈≈≈≈♣♣≈♣♣♣♣


You could see the 27-headed Lernaean hydra and a five-headed hydra.

Vanquished Creatures
  Frances (D:14)
  A thorn hunter (Swamp:1)
  A very ugly thing (Swamp:3)
  Azrael (D:14)
  An ettin (Orc:2)
  15 hydras
  3 catoblepae
  Erica (D:8)
  2 centaur warriors
  2 ghost crabs
  3 alligators
  A two-headed ogre (D:14)
  6 death yaks
  3 tengu warriors
  6 spriggans
  An unseen horror (D:10)
  9 swamp dragons
  A spriggan druid (Swamp:3)
  A shambling mangrove (Swamp:3)
  Pikel (D:9)
  4 cyclopes
  6 ugly things
  2 deep elf magi (D:13)
  2 black mambas
  Maurice (D:13)
  A torpor snail (Lair:4)
  3 gargoyles
  8 spiny frogs
  An efreet (D:12)
  A rime drake (Lair:4)
  A kobold demonologist (D:13)
  A queen bee (shapeshifter) (D:13)
  5 trolls
  A meliai (shapeshifter) (D:14)
  Grinder (D:3)
  A queen bee (Lair:4)
  4 tyrant leeches
  8 hornets
  3 bog bodies
  4 slime creatures
  4 dream sheep (Lair:6)
  3 hippogriffs
  7 blink frogs
  A shadow (D:11)
  2 wyverns
  A wraith (D:11)
  2 vampires (D:10)
  19 yaks
  4 fire elementals (D:14)
  3 vampire mosquitoes
  A hungry ghost (D:13)
  A warg (Orc:2)
  An acid dragon (D:12)
  Edmund (D:3)
  7 insubstantial wisps
  12 swamp worms
  3 water moccasins
  3 porcupines
  A hell hound (D:14)
  5 swamp drakes
  A slave (D:9)
  A black bear (shapeshifter) (D:13)
  A hornet zombie (D:13)
  4 sky beasts
  The ghost of jombi the Skirmisher, an amateur HOMo (D:3)
  An eye of draining (D:12)
  5 ice beasts
  13 orc warriors
  4 ogres
  4 phantoms
  A necrophage (D:10)
  6 wolves
  11 centaurs
  5 crocodiles
  2 big kobolds
  8 bullfrogs
  2 wyvern skeletons
  A scorpion (D:12)
  24 killer bees
  7 wights
  5 crimson imps
  2 howler monkeys (D:9)
  A bullfrog zombie (D:12)
  7 hounds
  3 centaur zombies
  4 centaur skeletons
  5 jellies
  8 orc priests
  A gnoll shaman (D:6)
  A bullfrog skeleton (D:13)
  12 orc wizards
  3 iguanas
  9 worker ants
  A hound zombie (D:5)
  A hound skeleton (D:8)
  Robin (D:2)
  2 worker ant zombies (D:10)
  A howler monkey skeleton (D:7)
  2 gnolls (D:6)
  6 adders
  3 shadow imps
  2 oozes (D:7)
  3 adder skeletons
  5 worms
  2 dart slugs
  7 leopard geckos
  55 orcs
  2 ball pythons
  6 giant cockroaches
  8 hobgoblins
  11 jackals
  4 quokkas
  7 bats
  4 frilled lizards
  26 goblins
  A jackal skeleton (D:8)
  11 kobolds
  A leopard gecko skeleton (D:5)
  A quokka skeleton (D:9)
  8 rats
543 creatures vanquished.

Vanquished Creatures (collateral kills)
  Gastronok (Lair:1)
  A stone giant (Orc:2)
  Nessos (Lair:6)
  Snorg (Lair:5)
  2 ettins (Orc:2)
  4 hydras
  3 catoblepae
  A ghost crab (Swamp:4)
  3 two-headed ogres
  2 death yaks
  3 alligators
  An iron troll (D:14)
  3 swamp dragons (Swamp:4)
  5 cyclopes (Orc:2)
  4 manticores
  2 ugly things
  An elephant (Lair:4)
  A black mamba (Lair:3)
  13 spiny frogs
  A centaur skeleton (D:14)
  2 rime drakes
  6 komodo dragons
  A polar bear (Lair:3)
  3 trolls
  3 meliai (Lair:4)
  3 hornets
  11 blink frogs
  7 tyrant leeches
  2 bog bodies (Swamp:3)
  3 dream sheep (Lair:6)
  6 hippogriffs
  Sigmund (D:5)
  17 yaks
  2 wyverns (Lair:4)
  5 basilisks
  8 vampire mosquitoes
  A warg (Orc:1)
  13 swamp worms
  The ghost of Thomus the Conjurer, an amateur DECj (D:4)
  7 water moccasins
  4 porcupines
  6 swamp drakes
  An ice beast (D:8)
  A phantom (D:6)
  9 orc warriors
  6 wolves
  A centaur (D:5)
  9 ogres
  5 crocodiles
  2 bullfrogs
  A wyvern skeleton (D:11)
  21 killer bees
  4 wights
  A howler monkey (D:7)
  2 crimson imps (D:6)
  A jelly (D:10)
  10 orc priests
  An iguana (D:7)
  Terence (D:3)
  14 orc wizards
  A worker ant (D:12)
  3 gnolls (D:6)
  4 adders
  A river rat (Lair:4)
  2 oozes
  A leopard gecko (D:5)
  48 orcs
  2 hobgoblins
  A quokka (D:6)
  2 fungi
320 creatures vanquished.

Vanquished Creatures (others)
  A death yak (Lair:4)
  A spiny frog (Lair:6)
  A blink frog (Lair:6)
  A slime creature (D:10)
  3 yaks
  A porcupine (Lair:1)
  2 slaves (D:9)
  A phantom (D:11)
  An ogre (D:10)
  2 wights
  2 orc priests
  4 orcs
  A goblin (Orc:1)
  7 fungi
  16 plants
  6 toadstools (Swamp:1)
  2 withered plants (D:15)
52 creatures vanquished.

Grand Total: 915 creatures vanquished

Notes
Turn   | Place    | Note
-------+----------+-------------------------------------------
     0 | D:1      | Mesmaeker13 the Octopode Ice Elementalist began the quest for the Orb.
     0 | D:1      | Reached XP level 1. HP: 11/11 MP: 3/3
   474 | D:1      | Reached XP level 2. HP: 14/17 MP: 3/5
   768 | D:1      | Learned a level 2 spell: Throw Frost
  1427 | D:1      | Reached XP level 3. HP: 21/21 MP: 6/6
  1716 | D:2      | Reached XP level 4. HP: 14/27 MP: 0/7
  2075 | D:2      | Learned a level 3 spell: Ozocubu's Armour
  2634 | D:2      | Found a deep blue altar of Sif Muna.
  2654 | D:2      | Became a worshipper of Sif Muna the Loreminder
  2657 | D:2      | Found a hazy altar of Hepliaklqana.
  3091 | D:3      | Noticed jombi's ghost (amateur HOMo)
  3183 | D:3      | Reached XP level 5. HP: 27/31 MP: 2/8
  3186 | D:3      | Noticed Grinder
  3236 | D:3      | Noticed Robin
  3808 | D:2      | Killed Robin
  4064 | D:4      | Noticed Edmund
  4152 | D:3      | Killed Edmund
  4152 | D:3      | Reached XP level 6. HP: 36/36 MP: 2/9
  4401 | D:3      | Killed Grinder
  4401 | D:3      | Reached * piety under Sif Muna
  4401 | D:3      | Reached skill level 5 in Ice Magic
  4401 | D:3      | Reached XP level 7. HP: 41/41 MP: 10/10
  4407 | D:3      | Learned a level 4 spell: Summon Ice Beast
  4481 | D:3      | Killed jombi's ghost
  4481 | D:3      | Reached skill level 1 in Summonings
  4824 | D:3      | Noticed Terence
  4832 | D:3      | Killed Terence
  4832 | D:3      | Reached skill level 5 in Dodging
  5183 | D:4      | Noticed Thomus's ghost (amateur DECj)
  5190 | D:4      | Killed Thomus's ghost
  5639 | D:4      | Reached XP level 8. HP: 46/46 MP: 4/11
  5896 | D:4      | Found Vutyscha's General Store.
  6052 | D:4      | Found a blossoming altar of Fedhas.
  6375 | D:5      | Entered Level 5 of the Dungeon
  6449 | D:5      | Reached ** piety under Sif Muna
  6556 | D:5      | Found Zyraar's Assorted Antiques.
  6569 | D:5      | Bought a translucent war axe for 272 gold pieces
  6570 | D:5      | Identified the +1 war axe of a Thousand Souls {chop, MR+ MP+9 Int-2} (You bought it in a shop on level 5 of the Dungeon)
  6758 | D:5      | Found Riuched's Book Shop.
  6785 | D:5      | Found a staircase to the Ecumenical Temple.
  6825 | D:5      | Noticed Sigmund
  6835 | D:5      | Killed Sigmund
  7034 | D:5      | Found Jeariu's Weapon Boutique.
  7077 | D:5      | Found Yruceff's Assorted Antiques.
  7403 | D:5      | Found Huesuasi's Weapon Emporium.
  8635 | D:6      | Reached XP level 9. HP: 51/51 MP: 4/12
  9368 | D:6      | Found Amif's Magic Scroll Shoppe.
  9458 | D:6      | Bought a scroll of teleportation for 42 gold pieces
  9508 | D:6      | Reached skill level 5 in Summonings
  9554 | D:6      | Found an iron altar of Okawaru.
 10651 | D:7      | Reached *** piety under Sif Muna
 11253 | D:8      | Got an encrusted dagger
 11254 | D:8      | Identified the cursed +0 dagger "Ynahach" {distort, *Slow rElec Int+8 Dex+4} (You found it on level 8 of the Dungeon)
 11853 | D:8      | Found a shattered altar of Ashenzari.
 12063 | D:8      | Found a staircase to the Lair.
 12090 | D:8      | Found a shimmering altar of Xom.
 12091 | D:8      | Found a shimmering altar of Xom.
 12197 | D:8      | Found a shimmering altar of Xom.
 12197 | D:8      | Found a shimmering altar of Xom.
 12200 | D:8      | Found a shimmering altar of Xom.
 12202 | D:8      | Found a shimmering altar of Xom.
 12202 | D:8      | Found a shimmering altar of Xom.
 12350 | D:8      | Reached XP level 10. HP: 38/56 MP: 14/14
 12698 | D:8      | Found a deep blue altar of Sif Muna.
 12958 | D:4      | Found a stormy altar of Qazlal.
 13095 | D:9      | Noticed Erica
 13102 | D:9      | Learned a level 4 spell: Throw Icicle
 13402 | D:8      | Killed Erica
 13402 | D:8      | Reached **** piety under Sif Muna
 13402 | D:8      | Reached skill level 1 in Fighting
 13646 | D:9      | Found a radiant altar of Vehumet.
 13678 | D:9      | Noticed Pikel
 13684 | D:9      | Noticed a two-headed ogre
 14372 | D:9      | Killed Pikel
 14553 | D:9      | Killed a two-headed ogre
 14569 | D:9      | Noticed a two-headed ogre
 14582 | D:9      | Killed a two-headed ogre
 14734 | D:9      | Found a roughly hewn altar of Beogh.
 14866 | D:10     | Entered Level 10 of the Dungeon
 14880 | D:10     | Noticed a purple ugly thing
 14880 | D:10     | Noticed a kobold demonologist
 14949 | Lair:1   | Entered Level 1 of the Lair of Beasts
 14994 | Lair:1   | Reached skill level 5 in Spellcasting
 15028 | Lair:1   | Noticed Gastronok
 15220 | Lair:1   | Killed Gastronok
 15220 | Lair:1   | Reached ***** piety under Sif Muna
 15220 | Lair:1   | Reached XP level 11. HP: 70/70 MP: 10/19
 15602 | Lair:1   | Reached skill level 10 in Ice Magic
 15887 | Lair:1   | Reached skill level 1 in Shields
 16112 | Lair:2   | Found a snail-covered altar of Cheibriados.
 16125 | Lair:2   | Found a hole to the Spider Nest.
 16136 | Lair:2   | Reached skill level 5 in Fighting
 16197 | Lair:2   | Received a gift from Sif Muna
 17080 | Lair:2   | Learned a level 2 spell: Ensorcelled Hibernation
 17135 | Lair:2   | Reached skill level 10 in Dodging
 17759 | Lair:3   | Noticed Rhok's ghost (journeyman TrGl)
 19048 | Lair:4   | Reached skill level 5 in Conjurations
 19334 | Lair:4   | Reached XP level 12. HP: 44/77 MP: 20/21
 19386 | Lair:4   | Noticed an eight-headed hydra
 19559 | Lair:4   | Killed an eight-headed hydra
 20137 | Lair:4   | Found a staircase to the Swamp.
 21380 | Lair:4   | Noticed a catoblepas
 21836 | Lair:5   | Noticed a catoblepas
 21836 | Lair:5   | Noticed a catoblepas
 22078 | Lair:4   | Killed a catoblepas
 22078 | Lair:4   | Received a gift from Sif Muna
 23317 | Lair:5   | Noticed an eight-headed hydra
 23441 | Lair:5   | Noticed a six-headed hydra
 23453 | Lair:4   | Killed a six-headed hydra
 23757 | Lair:5   | Noticed a six-headed hydra
 23807 | Lair:5   | Killed an eight-headed hydra
 23849 | Lair:5   | Noticed Snorg
 23855 | Lair:5   | Killed Snorg
 24067 | Lair:5   | Reached XP level 13. HP: 56/81 MP: 13/22
 24571 | Lair:5   | Found a staircase to the Slime Pits.
 24572 | Lair:5   | Found a viscous altar of Jiyva.
 24892 | Lair:5   | Learned a level 4 spell: Summon Lightning Spire
 25390 | Lair:5   | Reached skill level 1 in Air Magic
 26311 | D:4      | Bought an uncursed ring of see invisible for 195 gold pieces
 26710 | D:10     | Identified a scroll of acquirement
 26938 | D:10     | Noticed TheNamelessOne's ghost (novice DsFE)
 27969 | D:10     | Found a staircase to the Orcish Mines.
 28281 | Orc:1    | Entered Level 1 of the Orcish Mines
 28843 | Orc:1    | Found a bloodstained altar of Trog.
 29057 | Orc:2    | Entered Level 2 of the Orcish Mines
 29291 | Orc:2    | Found a staircase to the Elven Halls.
 29932 | Orc:2    | Found Ilaok's Antique Weapon Boutique.
 29932 | Orc:2    | Noticed an ettin
 29948 | Orc:2    | Killed an ettin
 29948 | Orc:2    | Identified Sif Muna's Disquisition on Enchanting Attacks (Sif Muna gifted it to you on level 2 of the Orcish Mines)
 29948 | Orc:2    | Received a gift from Sif Muna
 30057 | Orc:2    | Found Seraij's Antique Armour Shop.
 30079 | Orc:2    | Noticed a stone giant
 30229 | Orc:2    | Killed a stone giant
 30382 | Orc:2    | Noticed an ettin
 30412 | Orc:2    | Killed an ettin
 30619 | Orc:2    | Found Riafapipp's General Store.
 31156 | Orc:2    | Found Juit's Book Shop.
 31505 | Orc:2    | Bought a scroll of identify for 24 gold pieces
 31516 | Orc:2    | Noticed an ettin
 31530 | Orc:2    | Killed an ettin
 31541 | Orc:2    | Bought a runed hat for 161 gold pieces
 31655 | Orc:2    | Bought Sif Muna's Catalogue of Cankerous Attacks for 972 gold pieces
 31663 | Orc:2    | Learned a level 6 spell: Freezing Cloud
 32368 | D:11     | Reached skill level 5 in Air Magic
 33209 | Lair:6   | Entered Level 6 of the Lair of Beasts
 33780 | Lair:6   | Reached XP level 14. HP: 88/88 MP: 23/23
 33929 | Lair:6   | Noticed Nessos
 33959 | Lair:6   | Killed Nessos
 34452 | Lair:6   | Identified Sif Muna's Catalogue of the Mutagenic Escort (Sif Muna gifted it to you on level 6 of the Lair of Beasts)
 34452 | Lair:6   | Received a gift from Sif Muna
 36659 | Lair:6   | Got a polished hunting sling
 36661 | Lair:6   | Identified the +6 hunting sling "Itid" {speed, rPois Str-4 Int+4} (You found it on level 6 of the Lair of Beasts)
 37673 | D:12     | Reached skill level 1 in Invocations
 38481 | D:13     | Found a labyrinth entrance.
 38936 | D:13     | Noticed Maurice
 38945 | D:13     | Killed Maurice
 39513 | D:13     | Found Hageasay's Antique Armour Boutique.
 39518 | D:13     | Bought a glowing shield for 225 gold pieces
 39640 | D:13     | Reached skill level 10 in Conjurations
 39743 | D:13     | Found the +3 giant club "Skullcrusher" {speed, Str+7}
 40214 | D:14     | Noticed Frances
 40231 | D:14     | Killed Frances
 40231 | D:14     | Reached XP level 15. HP: 37/96 MP: 15/24
 40698 | D:14     | Found Pokloon's General Store.
 40790 | D:14     | Identified Sif Muna's Tome of Mutagenic Good Luck (Sif Muna gifted it to you on level 14 of the Dungeon)
 40790 | D:14     | Received a gift from Sif Muna
 40851 | D:14     | Reached skill level 5 in Shields
 41343 | D:14     | Reached skill level 5 in Invocations
 41800 | D:14     | Found a blossoming altar of Fedhas.
 41828 | D:14     | Noticed Azrael
 42043 | D:14     | Killed Azrael
 42224 | D:14     | Found a gate to the Vaults.
 42621 | D:15     | Entered Level 15 of the Dungeon
 43348 | Swamp:1  | Entered Level 1 of the Swamp
 44415 | Swamp:1  | Noticed a thorn hunter
 44427 | Swamp:1  | Killed a thorn hunter
 45853 | Swamp:2  | Got a jewelled fustibalus
 45854 | Swamp:2  | Identified the +2 fustibalus "Uschup" {velocity, MR+} (You found it on level 2 of the Swamp)
 49107 | Swamp:3  | Reached skill level 10 in Air Magic
 49550 | Swamp:3  | Identified Sif Muna's Volume of Calling (Sif Muna gifted it to you on level 3 of the Swamp)
 49550 | Swamp:3  | Received a gift from Sif Muna
 49550 | Swamp:3  | Reached XP level 16. HP: 37/101 MP: 4/26
 50034 | Swamp:4  | Entered Level 4 of the Swamp
 53194 | Swamp:4  | Noticed the 27-headed Lernaean hydra
 53206 | Swamp:4  | Learned a level 2 spell: Swiftness
 53441 | Swamp:4  | HP: 4/101 [the 27-headed Lernaean hydra (15)]
 53441 | Swamp:4  | Mangled by the 27-headed Lernaean hydra

Skill      XL: |  1  2  3  4  5  6  7  8  9 10 11 12 13 14 15 16 |
---------------+-------------------------------------------------+-----
Dodging        | 3 4 5 6 8 9 10 11 13 | 13.3
Conjurations   | 2 3 4 5 8 10 | 10.7
Ice Magic      | 4 5 7 8 9 10 12 13 | 13.0
Summonings     | 2 4 6 8 |  8.1
Spellcasting   | 3 5 6 7 |  7.8
Fighting       | 4 5 6 |  6.6
Shields        | 4 7 8 |  8.5
Air Magic      | 5 7 10 | 10.5
Invocations    | 3 6 |  6.5
Stealth        | |  2.6

Action                   |  1- 3 |  4- 6 |  7- 9 | 10-12 | 13-15 | 16-18 || total
-------------------------+-------+-------+-------+-------+-------+-------++-------
Melee: Unarmed           |    11 |     5 |       |       |       |       ||    16
       Constrict         |     4 |     6 |    37 |    24 |    80 |     4 ||   155
       Dagger            |     2 |    30 |   203 |    92 |   203 |       ||   530
       Tentacles         |       |     2 |    49 |    21 |    72 |     6 ||   150
       War axe           |       |       |    26 |       |   163 |    18 ||   207
       Flail             |       |       |     2 |       |       |       ||     2
Throw: Stone             |     5 |    15 |       |       |       |       ||    20
       Throwing net      |       |       |       |       |     1 |       ||     1
 Cast: Freeze            |    40 |    81 |    63 |   272 |    26 |       ||   482
       Throw Frost       |     3 |     5 |    54 |    44 |       |       ||   106
       Summon Ice Beast  |       |       |    50 |   139 |    93 |       ||   282
       Ozocubu's Armour  |       |       |     9 |     8 |    10 |       ||    27
       Throw Icicle      |       |       |       |    33 |   429 |    72 ||   534
       Ensorcelled Hiber |       |       |       |    15 |       |       ||    15
       Summon Lightning  |       |       |       |       |   150 |    33 ||   183
       Freezing Cloud    |       |       |       |       |    38 |     6 ||    44
Invok: Channel Magic     |       |       |       |       |     3 |       ||     3
       Forget Spell      |       |       |       |       |     1 |       ||     1
       Divine Energy     |       |       |       |       |     1 |       ||     1
       Stop Divine Energ |       |       |       |       |     1 |       ||     1
Evoke: Wand              |       |     4 |     7 |     2 |     4 |       ||    17
       Phantom mirror    |       |       |       |       |     1 |       ||     1
  Use: Scroll            |     1 |     3 |     3 |    15 |    22 |     1 ||    45
       Potion            |       |       |       |     2 |    10 |     2 ||    14
 Stab: Sleeping          |     2 |     2 |     6 |     4 |     8 |       ||    22
       Distracted        |       |     1 |     1 |       |     9 |     1 ||    12
       Paralysed         |       |     6 |    17 |     3 |       |       ||    26
       Confused          |       |     1 |       |       |       |       ||     1
       Held in net/web   |       |       |       |       |     1 |       ||     1
  Eat: Chunk             |     3 |     6 |    23 |    26 |    83 |     3 ||   144
       Ration            |       |     1 |     6 |     7 |    24 |     5 ||    43
Armor: Skin              |     2 |     6 |    16 |     5 |    43 |     6 ||    78
Dodge: Dodged            |    32 |    70 |   188 |   324 |   566 |    56 ||  1236
Block: Buckler           |       |       |       |    83 |   203 |    15 ||   301
